 Dungeon Crawl Stone Soup version 0.19.5 (webtiles) character file.

66 Malomalsky the Bolt Thrower (level 3, -2/30 HPs)
             Began as a Centaur Hunter on Apr 20, 2017.
             Was a Follower of Makhleb.
             Slain by a leopard gecko (4 damage)
             ... on level 2 of the Dungeon on Apr 27, 2017.
             The game lasted 00:06:55 (1055 turns).

Malomalsky the Bolt Thrower (Centaur Hunter)        Turns: 1055, Time: 00:06:56

Health: -2/30      AC:  4    Str: 14    XL:     3   Next: 96%
Magic:  3/3        EV:  9    Int: 10    God:    Makhleb [*.....]
Gold:   76         SH:  0    Dex: 10    Spells: 0 memorised, 2 levels left

rFire  . . .     SeeInvis .     a - +1 hand crossbow
rCold  . . .     Gourm    .     c - +0 leather armour
rNeg   . . .     Faith    .     (no shield)
rPois  .         Spirit   .     (no helmet)
rElec  .         Reflect  .     (no cloak)
rCorr  .         Harm     .     (no gloves)
MR     .....                    (no barding)
Stlth  +.........               (no amulet)
                                (no ring)
                                (no ring)

@: very quick
A: hooves 3, deformed body, speed 2, tough skin 3
a: Renounce Religion


You were on level 2 of the Dungeon.
You worshipped Makhleb.
Makhleb was aware of your devotion.
You were not hungry.

You visited 1 branch of the dungeon, and saw 2 of its levels.

You collected 76 gold pieces.

Inventory:

Hand Weapons
 a - a +1 hand crossbow (weapon)
 b - a +0 short sword
 t - a cursed -2 quarterstaff
Missiles
 j - 15 poisoned needles
 p - 3 bolts (quivered)
Armour
 c - a +0 leather armour (worn)
Jewellery
 h - an uncursed ring of protection from cold {unknown}
 i - a cursed ring of teleportation {unknown}
 s - a +5 ring of dexterity {unknown}
Wands
 o - a wand of confusion (31/48)
Scrolls
 e - 2 scrolls of fear {unknown}
 n - 2 scrolls of enchant armour {unknown}
 q - a scroll of remove curse {unknown}
 r - a scroll of identify {unknown}
 u - a scroll of random uselessness {unknown}
Potions
 d - a potion of degeneration {unknown}
 g - 3 potions of might {unknown}
 k - a potion of heal wounds {unknown}
 l - a potion of resistance {unknown}
Comestibles
 f - 3 bread rations
 m - a meat ration


   Skills:
 + Level 2.3 Fighting
 + Level 5.5 Crossbows
 + Level 0.3 Armour
 + Level 1.8 Dodging
 + Level 0.4 Stealth


You had 2 spell levels left.
You didn't know any spells.

Dungeon Overview and Level Annotations

Branches:
Dungeon (2/15)

Altars:
Dithmenos
Makhleb


Innate Abilities, Weirdness & Mutations

You have hooves in place of feet.
Armour fits poorly on your strangely shaped body.
You cover ground very quickly.
You have extremely tough skin. (AC +3)


Message History

The leopard gecko splashes around in the water.
You clumsily bash the leopard gecko but do no damage.
Your kick misses the leopard gecko.
The leopard gecko is moderately wounded.
The leopard gecko bites you but does no damage.
The leopard gecko bites you.
* * * LOW HITPOINT WARNING * * *
You clumsily bash the leopard gecko but do no damage.
The leopard gecko is moderately wounded.
The leopard gecko bites you but does no damage.
The leopard gecko splashes around in the water.
You miss the leopard gecko.
The leopard gecko is moderately wounded.
The leopard gecko splashes around in the water.
The leopard gecko closely misses you.
You closely miss the leopard gecko.
The leopard gecko is moderately wounded.
The leopard gecko splashes around in the water.
The leopard gecko bites you.
You die...

.##
#...............
##
#.####...######. #
#..###.### #
##..##.# #
#P≈P..## #
#P≈P≈PP### #
#.≈PPP.PP### #
#P.≈≈♣≈P.≈P###
##PPP≈≈≈♣P@PP#
#.P≈..≈≈♣≈lPP.?#
#..###PPPP♣≈≈≈PP..
#.## ###PP♣≈♣≈≈PP.
#. .≈PP♣♣≈≈≈≈. #.
#PPP♣♣ ≈PP# ..


PPP≈♣ .P# ≈P≈♣♣♣ P## You could see a leopard gecko.

Vanquished Creatures
  3 adders (D:2)
  An ooze (D:2)
  2 dart slugs
  A leopard gecko (D:2)
  A bat (D:1)
  2 giant cockroaches
  4 goblins
  3 hobgoblins
  3 jackals (D:1)
  3 frilled lizards (D:1)
  4 kobolds
  4 rats (D:2)
31 creatures vanquished.

Notes
Turn   | Place    | Note
-------+----------+-------------------------------------------
     0 | D:1      | Malomalsky the Centaur Hunter began the quest for the Orb.
     0 | D:1      | Reached XP level 1. HP: 17/17 MP: 1/1
   261 | D:1      | Reached XP level 2. HP: 23/24 MP: 2/2
   504 | D:1      | You fall through a shaft!
   506 | D:2      | Found a faded altar of an unknown god.
   509 | D:2      | Found a shadowy altar of Dithmenos.
   514 | D:2      | Reached skill level 5 in Crossbows
   529 | D:2      | Reached XP level 3. HP: 29/29 MP: 3/3
   646 | D:2      | Became a worshipper of Makhleb the Destroyer
   646 | D:2      | Reached * piety under Makhleb
  1052 | D:2      | HP: 1/30 [leopard gecko (4)]
  1055 | D:2      | Slain by a leopard gecko

Skill      XL: |  1  2 |
---------------+-------+-----
Crossbows      | 5 |  5.5
Fighting       | |  2.3
Armour         | |  0.3
Dodging        | |  1.8
Stealth        | |  0.4

Action                   || total
-------------------------++-------
Melee: Hand crossbow     ||    42
       Kick              ||    10
 Fire: Hand crossbow     ||    72
Armor: Leather armour    ||    36
Dodge: Dodged            ||    44
